 Dungeon Crawl Stone Soup version 0.30.0-15-g856e2d3f33 (webtiles) character file.

Game seed: 2984606449531351555

61 minhee2137 the Trooper (level 3, -4/29 HPs)
             Began as a Demonspawn Berserker on May 19, 2023.
             Was a Follower of Trog.
             Slain by a goblin
             ... wielding a +0 dagger
             ... led by Robin
              (5 damage)
             ... on level 2 of the Dungeon.
             The game lasted 00:04:41 (850 turns).

minhee2137 the Trooper (Demonspawn Berserker)        Turns: 850, Time: 00:04:41

Health: -4/29      AC:  6    Str: 19    XL:     3   Next: 83%
Magic:  3/3        EV: 12    Int:  8    God:    Trog [*.....]
Gold:   39         SH:  0    Dex: 12    Spells: 2/2 levels left

rFire   . . .        c - +1 flail
rCold   . . .        (no shield)
rNeg    . . .        b - +1 animal skin
rPois   .            (no helmet)
rElec   .            (no cloak)
rCorr   .            (no gloves)
SInv    .            (no boots)
Will    .....        (no amulet)
Stlth   +            (no ring)
HPRegen 0.24/turn    (no ring)
MPRegen 0.08/turn

%: no passive effects
@: on berserk cooldown, slowed, very slow
A: yellow scales 2
a: Renounce Religion, Berserk


You were on level 2 of the Dungeon.
You worshipped Trog.
Trog was aware of your devotion.
You visited 1 branch of the dungeon, and saw 2 of its levels.

You collected 39 gold pieces.

Inventory:

Hand Weapons
 a - a +0 mace
 c - a +1 flail (weapon)
Missiles
 f - a throwing net (quivered)
Armour
 b - a +1 animal skin (worn)
Scrolls
 d - a scroll of fog
 e - a scroll of enchant armour


   Skills:
 + Level 3.6 Fighting
 + Level 3.5 Maces & Flails
 + Level 1.9 Armour
 + Level 2.3 Dodging


You had 2 spell levels left.
You didn't know any spells.
Your spell library contained the following spells:

 Spells                   Type           Power      Damage    Failure   Level
 Tukima's Dance           Hex            0%         N/A       78%         3
 Passage of Golubria      Tloc           0%         N/A       99%         4
 Yara's Violent Unravell  Hex/Tmut       0%         3d3       100%        5


Dungeon Overview and Level Annotations

Branches:
Dungeon (2/15)

Altars:

Shops:
D:1 !


Innate Abilities, Weirdness & Mutations

You are mostly covered in yellow scales. (AC +3)


Message History

A goblin comes into view. It is wielding a +0 dagger.
The goblin barely misses you. x2
The goblin hits you but does no damage. The goblin misses you.
A goblin comes into view. It is wielding a +0 dagger.
Robin closely misses you.
Things that are here:
a +0 dagger; a +0 club; a goblin corpse You feel a strong urge to attack something.
Robin roars a battlecry!
The goblins go into a battle-frenzy!
You feel your anger nearly subside.
You are no longer berserk.
You are exhausted.
You feel yourself slow down. Robin barely misses you.
You thump Robin!
Robin is severely wounded.
The goblin barely misses you. The goblin completely misses you.
The goblin hits you with a +0 club. The goblin misses you.
The goblin hits you with a +0 dagger. The goblin barely misses you.
You thump Robin!
You kill Robin!
Trog accepts your kill. The goblin hits you with a +0 dagger.
The goblin completely misses you. The goblin hits you with a +0 club.
You closely miss the goblin. The goblin hits you but does no damage.
The goblin hits you with a +0 dagger. x2; The goblin hits you with a +0 club.
* * * LOW HITPOINT WARNING * * *
The goblin barely misses you. The goblin hits you with a +0 club.
* * * LOW HITPOINT WARNING * * *
The goblin barely misses you. The goblin closely misses you. x2
The goblin hits you but does no damage.
You hit the goblin.
The goblin is severely wounded.
The goblin hits you but does no damage. The goblin barely misses you.
The goblin misses you. The goblin hits you but does no damage.
The goblin hits you with a +0 club.
* * * LOW HITPOINT WARNING * * *
The goblin hits you but does no damage. The goblin hits you with a +0 dagger.
* * * LOW HITPOINT WARNING * * *
The goblin hits you with a +0 dagger.
You die...

#############
#...g@gg.....
.....##ggg...###
#.### #).###....
#. ######..##
### #.
#........#
.##.####[..#
..#.# #)..#
#.#.# #...###.#
#...# #......#.


You could see 6 goblins.

Vanquished Creatures
  Robin (D:2)
  A gnoll (D:1)
  An adder (D:2)
  A ball python (D:2)
  3 bats
  An endoplasm (D:1)
  2 giant cockroaches (D:1)
  4 goblins
  5 hobgoblins
  3 jackals (D:2)
  2 kobolds
  A quokka (D:2)
  3 rats (D:1)
28 creatures vanquished.

Notes
Turn   | Place    | Note
-------+----------+-------------------------------------------
     0 | D:1      | minhee2137 the Demonspawn Berserker began the quest for the
                  | Orb.
     0 | D:1      | Reached XP level 1. HP: 18/18 MP: 1/1
   223 | D:1      | Gained mutation: You are partially covered in yellow
                  | scales. (AC +2) [demonic ancestry]
   223 | D:1      | Reached XP level 2. HP: 19/24 MP: 2/2
   526 | D:1      | Found Seppidas's Distillery.
   759 | D:2      | Gained mutation: You are mostly covered in yellow scales.
                  | (AC +3) [demonic ancestry]
   759 | D:2      | Reached XP level 3. HP: 29/29 MP: 3/3
   839 | D:2      | Noticed Robin
   848 | D:2      | Killed Robin
   850 | D:2      | HP: 1/29 [goblin/+0 dagger[Robin] (3)]
   850 | D:2      | Slain by a goblin

Illustrated notes

Levels and vault maps discovered:
D:1:      shiori_arrival_maze, layout_rooms, serial_shops, shop_fountains
D:2:      layout_loops_ring, uniq_robin

Skill      XL: |  1  2 |
---------------+-------+-----
Maces & Flails | 3 |  3.5
Dodging        | 2 |  2.3
Fighting       | |  3.6
Armour         | |  1.9

Action                     || total
---------------------------++-------
  Melee: Mace              ||    22
         Flail             ||    42
 Invoke: Berserk           ||     2
    Use: Scroll            ||     6
         Potion            ||     3
   Stab: Sleeping          ||     1
 Armour: Animal skin       ||    51
  Dodge: Dodged            ||   130
